Cogmind - Beta 14 @@@ ROGUE MODE // 2024.09.06 @ 17:50:57 Player: Andru7428 Result: Destroyed by 01-VQF(R) with Subdweller Laser Performance ------------- Evolutions (0) 0 Regions Visited (2) 400 Robots Destroyed (28) 140 Value Destroyed (375) 375 Prototype IDs (0) 0 Alien Tech Used (0) 0 Bonus (0) 0 TOTAL SCORE: 915 Bonus ------- None Cogmind --------- Core Integrity 0/250 Matter 224/300 Energy 121/125 System Corruption 0% Temperature Cool (12) Movement Treading (160) Location -10/Subcaves Parts ------- > --- POWER (1) -------- Light Ion Engine > --- PROPULSION (2) --- Light Treads Light Treads > --- UTILITY (2) ------ Large Storage Unit Targeting Computer > --- WEAPON (2) ------- Light Cannon Light Cannon > --- INVENTORY (15) --- Aluminum Leg Aluminum Leg Aluminum Leg Wheel Heat Sink Medium Matter Pod (100) Sensor Array ECM Suite Light Cannon Light Cannon Light Cannon Light Cannon Mining Laser Peak State ------------ > --- POWER ------------ Ion Engine > --- PROPULSION ------- Light Treads Light Treads > --- UTILITY ---------- Large Storage Unit Visual Processing Unit > --- WEAPON ----------- Medium Laser Assault Rifle > --- INVENTORY -------- Aluminum Leg Aluminum Leg Aluminum Leg Wheel Wheel Medium Matter Pod Sensor Array Targeting Computer Small Laser Light Assault Rifle Light Assault Rifle Light Assault Rifle Mining Laser [Rating: 9] Favorites ----------- Power Light Ion Engine Engine Light Ion Engine Propulsion Light Treads Treads Light Treads Utility Large Storage Unit Device Seismic Detector Storage Large Storage Unit Processor Targeting Computer Weapon Assault Rifle Energy Gun Medium Laser Ballistic Gun Assault Rifle Ballistic Cannon Light Cannon Build | -11 -10 -10 ------- Run | Yrd Mat Sub Slots Evolved . | . . . Power . | . . . Propulsion . | . . . Utility . | . . . Weapon . | . . . Parts Attached 27 | 7 18 2 Power 5 | 1 3 1 Engine 5 | 1 3 1 Core . | . . . Reactor . | . . . Propulsion 7 | 2 4 1 Treads 7 | 2 4 1 Leg . | . . . Wheel . | . . . Hover . | . . . Flight . | . . . Utility 5 | 2 3 . Device 1 | 1 . . Storage 2 | 1 1 . Processor 2 | . 2 . Hackware . | . . . Protection . | . . . Artifact . | . . . Weapon 10 | 2 8 . Energy Gun 2 | 1 1 . Energy Cannon . | . . . Ballistic Gun 6 | 1 5 . Ballistic Cannon 2 | . 2 . Launcher . | . . . Special Weapon . | . . . Impact Weapon . | . . . Slashing Weapon . | . . . Piercing Weapon . | . . . Special Melee Weapon . | . . . Unidentified Prototypes . | . . . Parts Lost 5 | . 3 2 Power 3 | . 2 1 Propulsion 1 | . . 1 Utility 1 | . 1 . Weapon . | . . . Highest Loss Streak 1 | . 1 1 To Critical Strikes . | . . . Average Slot Usage (%) 98 | . 97 98 Engine 13 | . 13 12 Treads 27 | . 27 28 Device 4 | . 5 . Storage 14 | . 14 14 Processor 8 | . 8 14 Energy Gun 6 | . 7 . Ballistic Gun 11 | . 13 . Ballistic Cannon 9 | . 6 28 Peak Build Rating 9 | 7 9 8 Average Rating 7 | 5 8 7 On Entrance 5 | . 7 8 Naked Turns . | . . . Heaviest Build 30 | 12 30 29 Greatest Support 40 | 40 40 40 Greatest Overweight (x) 3 | 3 1 . Average Overweight (x) . | . . . Largest Inventory Capacity 15 | 8 15 15 Average Capacity 14 | 7 14 15 Most Carried 15 | 6 15 15 Average Carried 12 | 4 13 14 Final Capacity 15 | 8 15 15 Final Carried 15 | 6 15 13 Class Distribution -------------------- 100% | Mutant Dominant Class ---------------- Mutant | -10/Materials Mutant | -10/Subcaves Resources | -11 -10 -10 ----------- Run | Yrd Mat Sub Matter Collected 773 | 276 419 78 Remotely . | . . . Salvage Created 615 | 111 467 37 Parts 66 | 12 51 3 Haulers Intercepted 1 | . 1 . Recyclers Shooed 1 | . 1 . Parts Field Recycled . | . . . Retrieved Matter . | . . . Parts Self-Destructed . | . . . Prevented . | . . . Kills | -11 -10 -10 ------- Run | Yrd Mat Sub Combat Hostiles Destroyed 20 | . 18 2 Guns 12 | . 12 . Cannons 8 | . 6 2 Classes Destroyed 7 | 2 4 1 Tunneler 3 | 3 . . Hauler 1 | . 1 . Recycler 2 | 1 1 . Watcher 2 | . 2 . Swarmer 16 | . 16 . Grunt 2 | . 2 . Subdweller 2 | . . 2 Best Kill Streak 4 | 4 3 1 Combat Bots Only 3 | . 3 1 Max Kills in Single Turn 1 | 1 1 1 Gunslinging . | . . . Exploded . | . . . Melee . | . . . Uniques/NPCs Destroyed . | . . . Combat | -11 -10 -10 -------- Run | Yrd Mat Sub Hostile Shots Fired 127 | . 97 30 Missed 35 | . 27 8 Damage Taken 1022 | . 567 455 Core 250 | . 108 142 Absorbed by Shields . | . . . Regen/Repaired (Parts) 154 | . 154 . Core Remaining (%) 100 | 100 . . Volleys Fired 71 | 6 47 18 Largest 2 | 2 2 2 Hottest 70 | 70 70 70 Shots Fired 138 | 12 90 36 Gun 84 | 12 72 . Cannon 54 | . 18 36 Launcher . | . . . Special . | . . . Kinetic 102 | 6 60 36 Thermal 36 | 6 30 . Explosive . | . . . Electromagnetic . | . . . Robot Hit Streak 17 | 7 10 17 Robot Miss Streak 4 | 1 4 1 Penetration Max . | . . . Secondary Targets 3 | . 3 . Max Gunslinging Chain 1 | . 1 . Shots Hit Robots 88 | 8 47 33 Core Hits 36 | 5 27 4 Critical Kills . | . . . Critical Parts Destroyed . | . . . Critical Strikes 2 | . 1 1 Burn 1 | . 1 . Blast 1 | . . 1 Melee Attacks . | . . . Impact . | . . . Slashing . | . . . Piercing . | . . . Sneak Attacks . | . . . Combat Hostiles . | . . . Follow-up Attacks . | . . . Damage Inflicted 1089 | 85 639 365 Guns 538 | 85 453 . Cannons 542 | . 177 365 Explosions . | . . . Melee . | . . . Ramming 9 | . 9 . Kinetic 863 | 47 451 365 Thermal 217 | 38 179 . Explosive . | . . . Electromagnetic . | . . . Impact . | . . . Slashing . | . . . Piercing . | . . . Highest Corruption . | . . . Average Corruption . | . . . Corruption Purged . | . . . Corruption Blocked . | . . . Overload Shots . | . . . Overflow Damage 9 | . 9 . Projectiles 9 | . 9 . Explosions . | . . . Melee . | . . . Knockbacks 10 | . 3 7 Impact . | . . . Kinetic 9 | . 2 7 Secondary 1 | . 1 . Self-Inflicted Damage . | . . . Shots . | . . . Rammed 3 | . 3 . Targets Rammed 3 | . 3 . Kicked . | . . . Crushed . | . . . Highest Temperature 150 | 100 150 . Average Temperature 42 | 50 41 . Received Heat Transfer 132 | . 18 114 Siege Activations . | . . . Robots Corrupted . | . . . Combat Hostiles . | . . . Parts Fried . | . . . Impact Corruptions . | . . . Robots Melted . | . . . Combat Hostiles . | . . . Parts Melted . | . . . Heat Transferred 703 | 111 592 . Parts Sabotaged . | . . . Parts Stolen . | . . . Parts Stripped . | . . . Power Chain Reactions . | . . . Alert | -11 -10 -10 ------- Run | Yrd Mat Sub Peak Influence 153 | 20 153 . Initial 13 | . 13 . Average 64 | 7 69 . Maximum Alert Level . | . . . Low Security (%) 100 | 100 100 . Level 1 . | . . . Level 2 . | . . . Level 3 . | . . . Level 4 . | . . . Level 5 . | . . . High Security . | . . . Max Security . | . . . Squads Dispatched 2 | . 2 . Investigation 1 | . 1 . Extermination . | . . . Reinforcement 1 | . 1 . Assault . | . . . Garrison . | . . . Intercept . | . . . Searches Triggered . | . . . Construction Impeded . | . . . Haulers Reinforced . | . . . Active Scanning Responses . | . . . Cargo Convoy Interrupts . | . . . Stealth | -11 -10 -10 --------- Run | Yrd Mat Sub Distress Signals 1 | . 1 . Communications Jammed . | . . . Distress Signals . | . . . Times Spotted 33 | . 29 4 Peak Tracking Total 4 | . 4 2 Tactical Retreats 3 | . 3 . Traps | -11 -10 -10 ------- Run | Yrd Mat Sub Traps Triggered 3 | . 3 . Indirectly . | . . . Trap Hack Attempts . | . . . Triggered . | . . . Disarmed . | . . . Reprogrammed . | . . . Reused . | . . . Traps Extracted . | . . . Installed . | . . . Triggered . | . . . Machines | -11 -10 -10 ---------- Run | Yrd Mat Sub Machines Disabled . | . . . Max in Single Turn . | . . . Machines Repaired . | . . . Machines Dismantled . | . . . Machines Sabotaged . | . . . Overloaded Fab Kills . | . . . Hacking | -11 -10 -10 --------- Run | Yrd Mat Sub Machines Accessed 7 | . 7 . Terminals 6 | . 6 . Fabricators . | . . . Repair Stations 1 | . 1 . Recycling Units . | . . . Scanalyzers . | . . . Garrison Access . | . . . Total Hacks 28 | . 28 . Successful 18 | . 18 . Failed 10 | . 10 . Catastrophic 1 | . 1 . Database Lockouts . | . . . Manual 20 | . 20 . Terminals 24 | . 24 . Fabricators . | . . . Repair Stations 4 | . 4 . Recycling Units . | . . . Scanalyzers . | . . . Garrison Access . | . . . Terminal Hacks 5 | . 5 . Part Schematic 1 | . 1 . Robot Analysis 2 | . 2 . Unreport Threat 1 | . 1 . Locate Traps 1 | . 1 . Fabricator Hacks . | . . . Repair Station Hacks 4 | . 4 . Scan Component 2 | . 2 . Repair 2 | . 2 . Recycling Unit Hacks . | . . . Scanalyzer . | . . . Garrison Access Hacks . | . . . Unauthorized Hacks 9 | . 9 . Terminals 9 | . 9 . Botnet 4 | . 4 . Skim 5 | . 5 . Fabricators . | . . . Repair Stations . | . . . Recycling Units . | . . . Scanalyzers . | . . . Garrison Access . | . . . Data Cores Recovered . | . . . Used . | . . . Hacking Detections 7 | . 7 . Full Trace Events . | . . . Feedback Events . | . . . Feedback Blocked . | . . . Robot Schematics Acquired . | . . . Robots Built . | . . . Authchips . | . . . Time . | . . . Total Robot Build Rating . | . . . Part Schematics Acquired 1 | . 1 . Parts Built . | . . . Authchips . | . . . Time . | . . . Total Part Build Rating . | . . . Parts Repaired 2 | . 2 . Time 52 | . 52 . Parts Recycled . | . . . Recycled Matter . | . . . Retrieved Matter . | . . . Retrieved Components . | . . . Parts Scanalyzed . | . . . Part Schematics Acquired . | . . . Parts Damaged . | . . . Bothacking | -11 -10 -10 ------------ Run | Yrd Mat Sub Used RIF Installer . | . . . Robots Hacked . | . . . Non-combat . | . . . Combat . | . . . Robot Hacks Applied . | . . . Relay Couplers Released . | . . . Fabnet Peak Effective % . | . . . Robots Rewired . | . . . Allies Hacked . | . . . Hacks Repelled . | . . . Allies | -11 -10 -10 -------- Run | Yrd Mat Sub Total Allies . | . . . Largest Group . | . . . Highest-Rated Group . | . . . Highest-Rated Ally . | . . . Total Orders . | . . . Ally Attacks . | . . . Total Damage . | . . . Kills . | . . . Allies Corrupted . | . . . Allies Melted . | . . . Intel | -11 -10 -10 ------- Run | Yrd Mat Sub Robot Analysis Total 2 | . 2 . Derelict Logs Recovered . | . . . Drone Launches . | . . . Drone Recoveries . | . . . Exploration | -11 -10 -10 ------------- Run | Yrd Mat Sub Turns Passed 1740 | 122 1380 238 Spaces Moved 875 | 60 710 105 Core 20 | 20 . . Treads 855 | 40 710 105 Legs . | . . . Wheels . | . . . Hover . | . . . Flight . | . . . Fastest Speed 50 | 50 160 160 Average Speed 159 | 149 160 160 Slowest Speed 240 | 200 240 160 Overloaded Moves . | . . . Propulsion Burnouts . | . . . Robots Hopped . | . . . Cave-ins Triggered . | . . . Exploration Rate (%) 32 | 3 85 9 Regions Visited 2 Branch Regions 1 Pre-discovered Areas 2 | . 2 . Known Exits Taken . | . . . Unknown Exits Taken 2 | 1 1 . Scrap Searched . | . . . Spaces Dug . | . . . Terrain Destroyed . | . . . Melee . | . . . Projectile . | . . . AOE . | . . . Terrain Rammed . | . . . Walls Destroyed . | . . . Machines Disabled . | . . . Actions | -11 -10 -10 --------- Run | Yrd Mat Sub Total 1077 | 79 857 141 Wait 73 | . 57 16 Move 873 | 59 709 105 Hop . | . . . Pick Up 22 | 7 15 . Fast Attach 16 | 6 10 . Attach 5 | 1 2 2 Detach 1 | . 1 . Swap 6 | . 6 . Drop 7 | . 7 . Fire 71 | 6 47 18 Melee . | . . . Ram . | . . . Kick . | . . . Crush 3 | . 3 . Escape Stasis . | . . . Rewire . | . . . Trap . | . . . Miscellaneous . | . . . Route ------- -11/Scrapyard -10/Materials (discovered 4 exits: [*Mat x2] / [*Min] / [*Sub]) -10/Subcaves (discovered 2 exits: Mat / Rec) History --------- Turn | Location | Event 29 | -11/Scrapyard | Discovered new exit (range 16) 123 | -11/Scrapyard | Entered Materials 309 | -10/Materials | Build established: Mutant 484 | -10/Materials | Discovered new exit (range 15) 732 | -10/Materials | Discovered new exit (range 8) 1047 | -10/Materials | Learned 4 Subcaves zone layouts 1110 | -10/Materials | Discovered new exit (range 5) 1120 | -10/Materials | Learned 4 Subcaves zone layouts 1123 | -10/Materials | Derelicts attacked the area 1139 | -10/Materials | Repaired Lgt. Treads 1170 | -10/Materials | Repaired Lgt. Treads 1181 | -10/Materials | Learned 2 Mines zone layouts 1270 | -10/Materials | Learned Storage trap positions 1302 | -10/Materials | Learned location of Mines (-9) 1398 | -10/Materials | Learned 4 Recycling zone layouts 1452 | -10/Materials | Learned location of 1 exit from Storage 1485 | -10/Materials | Discovered new exit (range 8) 1503 | -10/Materials | Entered Subcaves 1504 | -10/Subcaves | Identified exit to Materials 1504 | -10/Subcaves | Identified exit to Recycling 1552 | -10/Subcaves | Core integrity fell below 50% 1740 | -10/Subcaves | Core integrity fell below 20% 1741 | -10/Subcaves | Destroyed by 01-VQF(R) with Subdweller Laser Last Messages --------------- Loading 8 Subcaves zones... 01547_ F0-W76(R) knocked back. 01559_ F0-W76(R) suffers critical hit (Blast). 01559_ F0-W76(R) destroyed. 01565_ Acquired 9 matter. 01567_ Acquired 5 matter. 01568_ Acquired 1 matter. 01570_ Acquired 6 matter. 01576_ Acquired 2 matter. 01616_ OM-WKX(R) knocked back. 01617_ Lgt. Ion Engine destroyed. 01631_ OM-WKX(R) knocked back. 01634_ OM-WKX(R) destroyed. 01641_ Acquired 2 matter. 01644_ Acquired 29 matter. 01646_ Acquired 1 matter. 01665_ Acquired 15 matter. 01670_ Acquired 8 matter. 01733_ 01-VQF(R) knocked back. 01737_ Lgt. Treads destroyed. Map ----- +----------------------------------------------------+ | ?????????????????????????????????????????????????? | | ?????????????????????????????????????????????????? | | ?????????????????????????????????????????????????? | | ?????????????????????????????????????????????????? | | ?????????????????????????????????????????????????? | | ?????????????????????????????????????????????????? | | ?????????????????????????????????????????????????? | | ?????????????????????????????????????????????????? | | ?????????????????????????????????????????????????? | | ?????????????????????????????????????????????????? | | ?????????????????????????????????????????????????? | | ?????????????????????????????????????????????????? | | ?????????????????????????????????????????????????? | | ?????????????????????????????????????????????????? | | ???????????????????????????????#####?????????????? | | ?????????????????????????????### #######??????## | | ????????????????????????????## # ######## | | ?????????????????????????#### ## | | ?????????????????????????# # | | ?????????????????????????# ## ### # | | ?????????????????????????# ## ##?### | | ?????????????????????????## ### #???# # | | ??????????????????????##### #?# ##?## ## | | ??????????????????????#%%% ## ### ### ### | | ??????????????????????# % ## ## ## | | ??????????????????????#R @ ## # | | ?????????????????????# "R " ###### ## | | ???????????????????#" "###"" # #????## ## | | ??????????????????#" #?##" ### ### # | | ??????????????????# " ??# #?? | | ??????????????????# "" ?? #??# | | ?????????????????# "" ?? #??### % # | | ?????????????????# """" ]?? #???# ### # | | ?????????????????# ? "" ?? #??# ??# | | #????????????????????? "?? ???# ???# ## | | #???????????????????????"??? ???## ??# #### | | ??????????????????????????? ?????### ???## #??? | | ???????????????????????????????????# %????## #??? | | ???????????????????????????????????##??????###??? | | ????????????????????????????????????????????????? | | ????????????????????????????????????????????????? | | ????????????????????????????????????????????????? | | ????????????????????????????????????????????????? | | ????????????????????????????????????????????????? | | #????????????????????????????????????????????????? | | #????????????????????????????????????????????????? | | #????????????????????????????????????????????????? | | ????????????????????????????????????????????????? | | ????????????????????????????????????????????????? | | ????????????????????????????????????????????????? | +----------------------------------------------------+ Best States ------------- Heat Dissipation 25 Energy Generation 10 Energy Capacity 250 Matter Stores 300 Matter Capacity 300 Sight Range 18 Terrain Scan Density 10 Evasion (%) 40 Targeting Accuracy 5 Recoil Reduction 2 Item Schematics ----------------- Hcp. Storage Unit | -10/Materials | Hacked Robot Schematics ------------------ None Fabricated ------------ Nothing Alien Tech Used ----------------- None Achievements -------------- None Challenges ------------ None Game ------ Seed CombatMappingOptics Manual? 0 Play Time 00:11:32 Cumulative 275.9 hours Start 2024.09.06 @ 17:40:38 End 2024.09.06 @ 17:50:57 Sessions 1 Manual Loads 0 Difficulty Rogue Special Mode None Game No. 191 Rogue 191 Adventurer 0 Explorer 0 Win Type - Total 5 Types 5/0/0/0/0/0/0/0/0 Lore% 62 Gallery% 76 Achievement% 64 Wizard Run 0 Options --------- Layout 1 ASCII 0 Keyboard 1 Movement Numpad Keybinds 0 Fullscreen 2 Font 24/Smallcaps Map View 50x35 Zoom Use 0% Tactical HUD 1 Map Filters NONE Filters NONE Steam 1 RUN: e169ec8f-a126-499b-82f1-7daf6a6172af